 Dungeon Crawl Stone Soup version 0.28-a0-224-g76b539d98b (webtiles) character file.

Game seed: 13928136979241716036

106 zdrol the Covered (level 4, -11/40 HPs)
             Began as a Minotaur Fighter on Aug 21, 2021.
             Killed by divine providence
             ... invoked by an orc priest
              (13 damage)
             ... on level 3 of the Dungeon.
             The game lasted 00:08:26 (1933 turns).

zdrol the Covered (Minotaur Fighter)                Turns: 1933, Time: 00:08:26

Health: -11/40     AC: 13    Str: 22    XL:     4   Next: 55%
Magic:  3/3        EV:  4    Int:  5    God:
Gold:   68         SH:  8    Dex:  9    Spells: 3/3 levels left

rFire   . . .      SeeInvis .   a - +0 war axe
rCold   . . .      Faith    .   c - +0 kite shield
rNeg    . . .      Spirit   .   o - +0 plate armour
rPois   .          Reflect  .   (helmet restricted)
rElec   .          Harm     .   (no cloak)
rCorr   .          Rampage  .   (no gloves)
Will    .....                   g - +0 pair of boots
Stlth   ..........              (no amulet)
HPRegen 0.13/turn               (no ring)
MPRegen 0.08/turn               (no ring)

@: mighty
A: horns 2, retaliatory headbutt
a: no special abilities


You were on level 3 of the Dungeon.
You visited 1 branch of the dungeon, and saw 3 of its levels.

You collected 68 gold pieces.

Inventory:

Hand Weapons
 a - a +0 war axe (weapon)
Armour
 c - a +0 kite shield (worn)
 g - a +0 pair of boots (worn)
 o - a +0 plate armour (worn)
Wands
 k - a wand of digging (4)
Scrolls
 b - a scroll of amnesia {unknown}
 e - a scroll of teleportation
 f - a scroll of identify {unknown}
 h - a scroll of torment {unknown}
 i - a scroll of magic mapping {unknown}
 l - a scroll of acquirement {unknown}
 n - a scroll of brand weapon {unknown}
Potions
 j - a potion of heal wounds {unknown}
 m - a potion of cancellation {unknown}


   Skills:
 + Level 4.1 Fighting
 + Level 3.4 Axes
 + Level 5.1 Armour
 + Level 0.5 Dodging
 + Level 4.1 Shields


You had 3 spell levels left.
You didn't know any spells.
Your spell library was empty.

Dungeon Overview and Level Annotations

Branches:
Dungeon (3/15)

Altars:
The Shining One


Innate Abilities, Weirdness & Mutations

You have a pair of horns on your head.
You reflexively headbutt those who attack you in melee.


Message History

The orc is moderately wounded.
The orc hits you with a +0 whip.
The orc priest invokes the aid of Beogh against you.
Beogh smites you!
* * * LOW HITPOINT WARNING * * *
You hit the orc.
You kill the orc!
The orc priest begins to cast a cantrip, but forgets the words!
You block the endoplasm's attack.
Your plate armour prevents you from hitting the endoplasm.
You headbutt the endoplasm!
You kill the endoplasm!
The orc priest looks encouraged for a moment.
Okay, then.
You hit something. Something hits you.
* * * LOW HITPOINT WARNING * * *
You completely miss something.
An orc wizard appears from thin air!
Reactivating autopickup.
The orc wizard hits you but does no damage. x2
You slash the orc wizard!
You kill the orc wizard!
Your Armour skill increases to level 5!
You closely miss the orc. You headbutt the orc!
You kill the orc!
The orc priest barely misses you.
You hit the orc priest.
You headbutt the orc priest, but do no damage.
The orc priest is moderately wounded.
The orc priest hits you with a +0 flail.
* * * LOW HITPOINT WARNING * * *
You closely miss the orc priest. Your headbutt misses the orc priest.
The orc priest is moderately wounded.
The orc priest hits you with a +0 flail.
* * * LOW HITPOINT WARNING * * *
The orc priest hits you with a +0 flail.
* * * LOW HITPOINT WARNING * * *
You feel very mighty all of a sudden.
The orc priest invokes the aid of Beogh against you.
Beogh smites you!
You die...

###### #....# #....######
#....##...####
###....##......# .. ...
#......)....##.### .##..
#.###...#...##...#######....
#†# #..####..###@#..^......
†.# #.## ##.###o#.#......
### #.# #......#.#.#.#.# .#
#.# #.#.##...J.#.#.####..
....... #.........o?.......
....... ##.....#.....######
...... ##...##..##..# ####..
..##..##.## ....# ..
.⌠..##..#.# .##o.#


You could see an orc priest.

Vanquished Creatures
  An orc wizard (D:3)
  An adder (D:2)
  3 dart slugs
  3 orcs (D:3)
  4 endoplasms
  4 giant cockroaches
  6 goblins
  6 hobgoblins
  4 jackals (D:3)
  5 ball pythons (D:1)
  8 bats
  A frilled lizard (D:1)
  7 kobolds
  6 rats
59 creatures vanquished.

Notes
Turn   | Place    | Note
-------+----------+-------------------------------------------
     0 | D:1      | zdrol the Minotaur Fighter began the quest for the Orb.
     0 | D:1      | Reached XP level 1. HP: 19/19 MP: 0/0
   327 | D:1      | Reached XP level 2. HP: 24/27 MP: 1/1
   420 | D:1      | Reached skill level 4 in Armour
   765 | D:1      | Reached XP level 3. HP: 29/33 MP: 2/2
  1846 | D:3      | Found a faded altar of an unknown god.
  1859 | D:3      | Reached XP level 4. HP: 40/40 MP: 3/3
  1890 | D:3      | Found a glowing golden altar of the Shining One.
  1930 | D:3      | Reached skill level 5 in Armour
  1932 | D:3      | HP: 2/40 [orc priest (4)]
  1933 | D:3      | Killed from afar by an orc priest

Illustrated notes

Levels and vault maps discovered:
D:1:      erik_arrival_cave_to_civilisation [erik_arrival_cave_to_hall],
          layout_basic
D:2:      layout_loops_cross
D:3:      layout_rooms, tso_metal_star, basic_ecumenical_altar, uniq_grinder

Skill      XL: |  1  2  3  4 |
---------------+-------------+-----
Armour         | 4 5 |  5.1
Fighting       | 4 |  4.1
Shields        | 4 |  4.1
Axes           | 3 |  3.4
Dodging        | |  0.5

Action                   |  1- 3 |  4- 6 || total
-------------------------+-------+-------++-------
Melee: War axe           |    99 |    24 ||   123
       Headbutt          |    10 |     4 ||    14
  Use: Scroll            |     1 |       ||     1
       Potion            |       |     1 ||     1
Armor: Scale mail        |    37 |       ||    37
       Chain mail        |    35 |       ||    35
       Plate armour      |     3 |     8 ||    11
Dodge: Dodged            |    35 |     4 ||    39
Block: Kite shield       |    48 |     9 ||    57

Table legend: (Time is in decaauts)
 A = Elapsed time spent in this place.
 B = Non-inter-level travel time spent in this place.
 C = Inter-level travel time spent in this place.
 D = Time resting spent in this place.
 E = Time spent auto-exploring this place.
 F = Levels seen in this place.
 G = Mean time per level.
                   A        B        C        D        E       F      G
               +--------+--------+--------+--------+--------+-----+--------+
         Total |   2003 |   2003 |      0 |      0 |    956 |   3 |  667.7 |
       Dungeon |   2003 |   2003 |      0 |      0 |    956 |   3 |  667.7 |
               +--------+--------+--------+--------+--------+-----+--------+

Top non-repeatable levels by time:
     D:1: 1077 daAuts
     D:2: 822 daAuts
     D:3: 102 daAuts
